 Dungeon Crawl Stone Soup version 0.29.1-2-gbd0b4ee654 (webtiles) character file.

Game seed: 8111076492718333043

2555 LustLizard the Skirmisher (level 9, -3/44 HPs)
             Began as a Spriggan Hunter on Nov 30, 2022.
             Was a Follower of Dithmenos.
             Killed from afar by a manticore (11 damage)
             ... with a volley of spikes
             ... on level 7 of the Dungeon.
             The game lasted 00:15:31 (8931 turns).

LustLizard the Skirmisher (Spriggan Hunter)         Turns: 8931, Time: 00:15:31

Health: -3/44      AC:  4    Str:  7    XL:     9   Next: 31%
Magic:  14/14      EV: 21    Int: 11    God:    Dithmenos [*.....]
Gold:   580        SH:  0    Dex: 22    Spells: 7/13 levels left

rFire   + . .      SeeInvis +   a - +1 shortbow
rCold   . . .      Faith    .   (shield currently unavailable)
rNeg    . . .      Spirit   .   y - +2 robe {rF+}
rPois   .          Reflect  .   (helmet restricted)
rElec   .          Harm     .   (no cloak)
rCorr   +          Rampage  .   (gloves unavailable)
Will    +....                   (boots unavailable)
Stlth   +++++.....              (no amulet)
HPRegen 0.14/turn               x - ring of resist corrosion
MPRegen 0.14/turn               G - ring of flight

@: spiked, flying, wreathed by umbra, very quick
A: very small, no large weapons, unfitting armour, see invisible, speed 3
a: Renounce Religion


You were on level 7 of the Dungeon.
You worshipped Dithmenos.
Dithmenos was aware of your devotion.
You visited 2 branches of the dungeon, and saw 8 of its levels.

You collected 580 gold pieces.

Inventory:

Hand Weapons
 a - a +1 shortbow (weapon)
Armour
 c - a +0 robe
 q - a +0 buckler
 y - a +2 robe of fire resistance (worn)
Jewellery
 f - a ring of magical power
 x - a ring of resist corrosion (left hand)
 G - a ring of flight (right hand)
Wands
 j - a wand of polymorph (15)
 w - a wand of flame (18)
Scrolls
 b - 6 scrolls of immolation
 e - 2 scrolls of fear {unknown}
 g - 2 scrolls of enchant weapon
 k - a scroll of teleportation {unknown}
 o - a scroll of poison
 r - a scroll of torment {unknown}
 t - 2 scrolls of vulnerability {unknown}
 u - 2 scrolls of magic mapping {unknown}
 z - a scroll of acquirement {unknown}
 A - 2 scrolls of blinking {unknown}
 E - a scroll of amnesia {unknown}
Potions
 d - 2 potions of haste
 h - 4 potions of berserk rage
 i - 2 potions of degeneration
 l - 5 potions of curing
 m - a potion of magic {unknown}
 n - 3 potions of cancellation {unknown}
 p - a potion of heal wounds {unknown}
 s - a potion of lignification {unknown}
 v - 6 potions of brilliance
 B - a potion of attraction {unknown}
 C - a potion of flight {unknown}
 D - 2 potions of ambrosia
 F - a potion of resistance {unknown}
 H - a potion of might {unknown}


   Skills:
 + Level 3.2 Fighting
 * Level 10.4 Ranged Weapons
 + Level 5.1 Dodging
 - Level 9.0 Stealth
 - Level 2.8 Spellcasting
 - Level 3.0 Transmutations


You had 7 spell levels left.
You knew the following spells:

 Your Spells              Type           Power      Damage    Failure   Level
a - Ice Form              Ice/Tmut       4%         N/A       82%         4
b - Wereblood             Tmut           8%         N/A       12%         2

Your spell library contained the following spells:

 Spells                   Type           Power      Damage    Failure   Level
 Beastly Appendage        Tmut           16%        N/A       8%          1
 Slow                     Hex            4%         N/A       26%         1
 Spider Form              Tmut/Pois      4%         N/A       41%         3
 Confusing Touch          Hex            1%         N/A       63%         3
 Frozen Ramparts          Ice            2%         1d1       63%         3
 Vampiric Draining        Necr           1%         2d6       63%         3
 Passage of Golubria      Tloc           1%         N/A       95%         4
 Summon Ice Beast         Ice/Summ       1%         N/A       95%         4
 Silence                  Hex/Air        0%         N/A       100%        5
 Lehudib's Crystal Spear  Conj/Erth      0%         10d2      100%        8


Dungeon Overview and Level Annotations

Branches:
Dungeon (7/15)             Temple (1/1) D:6

Altars:
Cheibriados
Dithmenos
Fedhas
Gozag
Makhleb
Nemelex Xobeh
Okawaru
Trog
Uskayaw
Vehumet
Xom
Yredelemnul
Zin


Innate Abilities, Weirdness & Mutations

You are very small and have problems with some larger weapons.
You are too small for most types of armour.
You have supernaturally acute eyesight. (SInv)
You cover ground extremely quickly. (Speed+++)


Message History

Unknown command.
Fire: a) +1 shortbow
Press: ? - help, Q - select action, (/) - cycle Shift-Dir - straight line, f/p - manticore
Aim: a manticore (moderately wounded, 78% to hit)
You shoot an arrow.
The arrow hits the manticore but does no damage.
The manticore is moderately wounded.
Fire: a) +1 shortbow
Press: ? - help, Q - select action, (/) - cycle Shift-Dir - straight line, f/p - manticore
Aim: a manticore (moderately wounded, 78% to hit)
You shoot an arrow. The arrow hits the manticore!
The manticore is severely wounded.
The manticore flicks its tail.
The volley of spikes hits you.
The barbed spikes become lodged in your body.
Fire: a) +1 shortbow
Press: ? - help, Q - select action, (/) - cycle Shift-Dir - straight line, f/p - manticore
Aim: a manticore (severely wounded, 78% to hit)
You shoot an arrow.
The arrow hits the manticore but does no damage.
The manticore is severely wounded.
Fire: a) +1 shortbow
Press: ? - help, Q - select action, (/) - cycle Shift-Dir - straight line, f/p - manticore
Aim: a manticore (severely wounded, 78% to hit)
You shoot an arrow. The arrow hits the manticore.
The manticore is severely wounded.
The manticore flicks its tail.
The volley of spikes hits you!
The barbed spikes become lodged in your body.
* * * LOW HITPOINT WARNING * * *
Fire: a) +1 shortbow
Press: ? - help, Q - select action, (/) - cycle Shift-Dir - straight line, f/p - manticore
Aim: a manticore (severely wounded, 78% to hit)
You shoot an arrow.
The arrow hits the manticore but does no damage.
The manticore is severely wounded.
The manticore flicks its tail.
The volley of spikes hits you!
The barbed spikes become lodged in your body.
You die...

#...................# #.##.....
#...........##☼°....###.#####.#
##.....)....###.○.....#..#
##..#
##...........###°§####....#
#..## .........§..###§°##
##...###..# ..#......§.§##°☼§#
#....##..## ####.......°○#○☼.#
##........## #
##....###☼§°○.####..........#
##..####°○§☼@§○#.....####..#
##...#○.§○#####H○.°☼.# ##.#
##.###.☼°.)# ###○#○#####.## #
#.## ##.#.## ##........# # ###
###<# ########.# # #..# ###
####


You could see a manticore.

Vanquished Creatures
  Sigmund (D:2)
  Eustachio (D:4)
  3 black bears
  An ice beast (D:6)
  4 ogres
  3 phantoms
  A centaur (D:4)
  A kobold brigand (D:7)
  A bullfrog (D:7)
  4 scorpions (D:6)
  A necrophage (D:7)
  2 jellies
  6 howler monkeys
  2 centaur zombies (D:6)
  Jessica (D:2)
  Natasha (thrice) (D:2)
  2 orc wizards
  A mummy (D:6)
  Robin (D:4)
  5 gnolls
  7 adders
  A shadow imp (D:6)
  A white imp (D:5)
  2 ufetubi (D:5)
  3 worms
  5 dart slugs
  21 orcs
  6 ball pythons
  14 endoplasms
  2 giant cockroaches
  15 goblins
  11 hobgoblins
  6 quokkas
  11 bats
  2 frilled lizards (D:1)
  11 kobolds
  6 rats
168 creatures vanquished.

Notes
Turn   | Place    | Note
-------+----------+-------------------------------------------
     0 | D:1      | LustLizard the Spriggan Hunter began the quest for the Orb.
     0 | D:1      | Reached XP level 1. HP: 10/10 MP: 2/2
   354 | D:1      | Reached XP level 2. HP: 14/14 MP: 3/3
  1005 | D:1      | Reached XP level 3. HP: 18/18 MP: 4/4
  1042 | D:2      | Noticed Sigmund
  1056 | D:2      | Killed Sigmund
  1057 | D:2      | Reached skill level 6 in Ranged Weapons
  1057 | D:2      | Reached XP level 4. HP: 17/22 MP: 5/5
  1057 | D:2      | Reached XP level 5. HP: 19/25 MP: 6/6
  1132 | D:2      | Reached skill level 5 in Stealth
  1134 | D:2      | Found a faded altar of an unknown god.
  1207 | D:2      | Noticed Jessica
  1208 | D:2      | Killed Jessica
  1216 | D:2      | Noticed Natasha
  1224 | D:2      | Killed Natasha
  1448 | D:2      | Noticed Natasha
  1460 | D:2      | Killed Natasha
  1461 | D:2      | Reached XP level 6. HP: 16/30 MP: 7/7
  2034 | D:2      | Noticed Natasha
  2066 | D:2      | Killed Natasha
  2780 | D:3      | Found a bloodstained altar of Trog.
  3113 | D:3      | Reached skill level 7 in Ranged Weapons
  3286 | D:3      | Found a sparkling altar of Nemelex Xobeh.
  3585 | D:4      | Reached XP level 7. HP: 13/33 MP: 8/8
  3782 | D:4      | Noticed Eustachio
  4063 | D:4      | Found an iron altar of Okawaru.
  4115 | D:4      | Noticed Robin
  4284 | D:4      | HP: 1/33 [Robin/+0 mace (6)]
  4285 | D:4      | Killed Robin
  5113 | D:4      | Killed Eustachio
  5388 | D:5      | Entered Level 5 of the Dungeon
  5419 | D:4      | Reached skill level 8 in Ranged Weapons
  5686 | D:5      | Reached XP level 8. HP: 37/37 MP: 9/9
  5826 | D:5      | Learned a level 4 spell: Ice Form
  6146 | D:5      | Learned a level 2 spell: Wereblood
  6239 | D:6      | Found a staircase to the Ecumenical Temple.
  6249 | Temple   | Entered the Ecumenical Temple
  6254 | Temple   | Became a worshipper of Dithmenos the Shadowed
  6320 | D:6      | Reached skill level 1 in Spellcasting
  6320 | D:6      | Reached skill level 1 in Transmutations
  6470 | D:6      | Reached skill level 9 in Ranged Weapons
  6559 | D:6      | Found a snail-covered altar of Cheibriados.
  6667 | D:6      | Found a basalt altar of Yredelemnul.
  7139 | D:6      | Identified the +1 scale mail of the Sacrificial Victim
                  | {Str+2 SInv}
  7503 | D:6      | Found a burning altar of Makhleb.
  7821 | D:7      | Reached * piety under Dithmenos
  7828 | D:7      | Reached XP level 9. HP: 43/43 MP: 14/14
  8112 | D:7      | Reached skill level 10 in Ranged Weapons
  8223 | D:7      | Found a radiant altar of Vehumet.
  8462 | D:7      | Reached skill level 5 in Dodging
  8908 | D:7      | Noticed a manticore
  8931 | D:7      | Killed from afar by a manticore

Illustrated notes

Levels and vault maps discovered:
D:1:      lemuel_arrival_tunnels, layout_loops_corners, corexii_leaking_fountain
D:2:      layout_basic, basic_ecumenical_altar, kennysheep_cluttered_room,
          uniq_jessica, uniq_sigmund, uniq_natasha
D:3:      minmay_door_path, layout_rooms, mainiacjoe_overflow_alcove_1,
          trog_butcher_becter, palyth_stone_intersect,
          minmay_randomly_rotated_circles
D:4:      layout_gridville, lemuel_doored_altar, uniq_eustachio, uniq_robin
D:5:      layout_loops_corners
D:6:      layout_gridville, lightli_temple_of_fire, slow_altar_1,
          lemuel_zombie_altar_yredelemnul, minmay_temple_entry_grid
D:7:      minmay_chambers_of_sevens, layout_layer_cave,
          mainiacjoe_overflow_paths
Temple:   nicolae_temple_ecumenical_triangle

Skill      XL: |  1  2  3  4  5  6  7  8  9 |
---------------+----------------------------+-----
Stealth        | 2 3 4 5 6 8 9 |  9.0
Ranged Weapons | 6 7 8 9 10 | 10.4
Spellcasting   | 2 |  2.8
Transmutations | 3 |  3.0
Dodging        | 4 5 |  5.1
Fighting       | 2 3 |  3.2

Action                   |  1- 3 |  4- 6 |  7- 9 || total
-------------------------+-------+-------+-------++-------
 Fire: Shortbow          |    63 |   168 |   454 ||   685
  Use: Scroll            |       |     1 |     7 ||     8
Armor: Robe              |     1 |     8 |    27 ||    36
Dodge: Dodged            |    11 |    37 |   190 ||   238
